 Dungeon Crawl Stone Soup version 0.26.1-11-gd32895ea62 (webtiles) character file.

Game seed: 11260317148518741912

72 vvl the Firebug (level 4, -9/35 HPs)
             Began as a Hill Orc Fire Elementalist on July 5, 2021.
             Splashed by Ijyb's acid (18 damage)
             ... on level 3 of the Dungeon.
             The game lasted 00:04:24 (2948 turns).

vvl the Firebug (Hill Orc Fire Elementalist)        Turns: 2948, Time: 00:04:27

Health: -9/35      AC:  1    Str: 11    XL:     4   Next: 26%
Magic:  9/15       EV: 12    Int: 15    God:
Gold:   132        SH:  0    Dex: 11    Spells: 5/6 levels left

rFire    . . .     SeeInvis .   g - +2 whip (pain)
rCold    + . .     Faith    .   (no shield)
rNeg     . . .     Spirit   .   q - +2 robe {rC+}
rPois    .         Reflect  .   (no helmet)
rElec    .         Harm     .   (no cloak)
rCorr    .         Rampage  .   f - +0 pair of gloves
Will     .....                  (no boots)
Stlth    ++........             (no amulet)
HPRegen  0.11/turn              j - ring of magical power
MPRegen  0.14/turn              (no ring)

@: corroded
A: no striking features
a: no special abilities


You were on level 3 of the Dungeon.
You visited 1 branch of the dungeon, and saw 3 of its levels.

You collected 132 gold pieces.

Inventory:

Hand Weapons
 g - a +2 whip of pain (weapon)
Armour
 f - a +0 pair of gloves (worn)
 p - a +0 ring mail
 q - a +2 robe of cold resistance (worn)
Jewellery
 j - a ring of magical power (left hand)
 s - an uncursed ring of flight {unknown}
Scrolls
 a - 7 scrolls of identify {unknown}
 b - a scroll of random uselessness {unknown}
 d - a scroll of teleportation {unknown}
 e - 3 scrolls of magic mapping {unknown}
 h - 4 scrolls of remove curse {unknown}
 o - a scroll of enchant weapon {unknown}
 r - a scroll of noise {unknown}
Potions
 c - a potion of resistance {unknown}
 i - a potion of attraction {unknown}
 k - a potion of heal wounds
 l - 2 potions of brilliance {unknown}
 m - a potion of mutation {unknown}
 n - a potion of flight {unknown}


   Skills:
 + Level 1.2 Fighting
 * Level 2.3 Axes
 + Level 1.1 Armour
 - Level 1.5 Dodging
 - Level 1.5 Stealth
 + Level 1.7 Spellcasting
 + Level 1.3 Conjurations
 * Level 1.4 Necromancy
 + Level 3.7 Fire Magic


You had 5 spell levels left.
You knew the following spells:

 Your Spells              Type           Power        Failure   Level
a - Foxfire               Conj/Fire      32%          9%          1

Your spell library contained the following spells:

 Spells                   Type           Power        Failure   Level
 Conjure Flame            Conj/Fire      8%           24%         3
 Inner Flame              Hex/Fire       6%           32%         3
 Sticky Flame             Conj/Fire      8%           63%         4
 Fireball                 Conj/Fire      4%           92%         5


Dungeon Overview and Level Annotations

Branches:
Dungeon (3/15)

Altars:
Ru
The Shining One

Annotations:
D:3 Ijyb


Message History

It was a potion of heal wounds.
You feel much better.
The foxfire hits Ijyb but does no damage.
Ijyb is moderately wounded.
The foxfire hits Ijyb but does no damage.
Ijyb is moderately wounded.
Ijyb closely misses you.
You hit Ijyb but do no damage.
Ijyb writhes in agony.
Ijyb is heavily wounded.
Ijyb closely misses you.
You closely miss Ijyb.
Ijyb is heavily wounded.
Ijyb hits you.
You conjure some foxfire!
Ijyb screams, "Get away!"
Ijyb zaps a wand.
The bolt of acid hits you!!
Ouch! That really hurt!
* * * LOW HITPOINT WARNING * * *
You are splashed with acid!!
Ouch! That really hurt!
You die...

#.......#.# #.#
##..>..##.# #.#
##.).###.# #.# ##..##
#.. ... ##...## ###
##.# ##.....## ##..#
##.......##
###..g####.........###
#...v@.............'..
#.#.v..............###
#...#.#.#.......## #
#.#.#.#.##.....##
#.#.#.#.#.###...##
#.......#.# ##'##
##.......# #.#
###.########.#
#........#.##


You could see Ijyb.

Vanquished Creatures
  3 oozes
  3 dart slugs
  4 leopard geckos
  4 orcs (D:3)
  3 bats
  4 giant cockroaches
  3 goblins (D:2)
  3 hobgoblins
  3 jackals (D:1)
  3 frilled lizards (D:1)
  6 kobolds
  5 rats
44 creatures vanquished.

Vanquished Creatures (others)
  61 foxfires
61 creatures vanquished.

Grand Total: 105 creatures vanquished

Notes
Turn   | Place    | Note
-------+----------+-------------------------------------------
     0 | D:1      | vvl the Hill Orc Fire Elementalist began the quest for the
                  | Orb.
     0 | D:1      | Reached XP level 1. HP: 14/14 MP: 3/3
   327 | D:1      | Found a glowing golden altar of the Shining One.
   358 | D:1      | Reached skill level 1 in Axes
   358 | D:1      | Reached XP level 2. HP: 22/22 MP: 4/4
   827 | D:1      | Reached XP level 3. HP: 20/27 MP: 2/5
   828 | D:1      | Reached skill level 1 in Necromancy
   832 | D:1      | Reached skill level 1 in Fighting
  2241 | D:2      | Found a sacrificial altar of Ru.
  2424 | D:2      | Reached XP level 4. HP: 35/35 MP: 6/6
  2779 | D:3      | Reached skill level 1 in Armour
  2938 | D:3      | Noticed Ijyb
  2948 | D:3      | Splashed by Ijyb's acid

Illustrated notes

Levels and vault maps discovered:
D:1:      heliophobic_arrival_dark_side_of_the_moon, layout_loops_ring,
          grunt_decor_one_mirror, tso_altar
D:2:      layout_basic, nicolae_ru_path_of_blood, minivault_24
D:3:      kennysheep_six_static_rooms, layout_loops_corners,
          gammafunk_ghost_stat_death, uniq_ijyb

Skill      XL: |  1  2  3  4 |
---------------+-------------+-----
Axes           | 1 2 |  2.3
Necromancy     | 1 |  1.4
Fighting       | 1 |  1.2
Armour         | 1 |  1.1
Dodging        | |  1.5
Stealth        | |  1.5
Spellcasting   | |  1.7
Conjurations   | |  1.3
Fire Magic     | |  3.7

Action                   |  1- 3 |  4- 6 || total
-------------------------+-------+-------++-------
Melee: Whip              |    94 |    15 ||   109
       Unarmed           |     3 |       ||     3
 Cast: Foxfire           |    22 |    18 ||    40
  Use: Potion            |       |     1 ||     1
 Stab: Sleeping          |     3 |     1 ||     4
Armor: Robe              |     1 |     2 ||     3
       Skin              |    16 |       ||    16
Dodge: Dodged            |    61 |    13 ||    74
